 Dungeon Crawl Stone Soup version 0.24.0-2-g5b39cebb1c (webtiles) character file.

Game seed: 6601343900364647646, levelgen mode: deterministic

391 Aviak the Skirmisher (level 6, 0/57 HPs)
             Began as a Hill Orc Assassin on Oct 30, 2019.
             Succumbed to a kobold's poison
             ... on level 3 of the Dungeon.
             The game lasted 00:05:17 (3101 turns).

Aviak the Skirmisher (Hill Orc Assassin)            Turns: 3101, Time: 00:05:18

Health: 0/57       AC:  9    Str: 15 (16) XL:     6   Next: 80%
Magic:  5/5        EV: 12    Int:  9 (11) God:
Gold:   139        SH:  0    Dex:  9 (12) Spells: 5/5 levels left

rFire    + . .     SeeInvis .   w - +0 hand axe
rCold    . . .     Gourm    .   (no shield)
rNeg     . . .     Faith    .   c - +0 chain mail
rPois    .         Spirit   .   (no helmet)
rElec    .         Reflect  .   j - +0 cloak
rCorr    .         Harm     .   (no gloves)
MR       .....                  (no boots)
Stlth    ..........             (no amulet)
HPRegen  0.19/turn              E - +5 ring of evasion
MPRegen  0.09/turn              (no ring)

@: lethally poisoned (0 -> -4), slowed, very slow
A: claws 1, fire resistance 1, low mp 1
a: no special abilities


You were on level 3 of the Dungeon.
You were hungry.

You visited 1 branch of the dungeon, and saw 3 of its levels.

You collected 139 gold pieces.

Inventory:

Hand Weapons
 a - a +2 dagger
 u - a +0 flail
 w - a +0 hand axe (weapon)
Missiles
 d - 8 poisoned darts (quivered)
 e - 2 curare-tipped darts
Armour
 b - a +0 robe
 c - a +0 chain mail (worn)
 j - a +0 cloak (worn)
Jewellery
 y - an uncursed amulet of faith {unknown}
 E - a +5 ring of evasion (left claw)
Wands
 z - a wand of enslavement (3)
Scrolls
 i - 2 scrolls of identify
 l - 2 scrolls of fog {unknown}
 n - a scroll of enchant armour {unknown}
 o - a scroll of random uselessness {unknown}
 p - a scroll of fear {unknown}
 r - 3 scrolls of remove curse
 s - a scroll of immolation {unknown}
 t - 2 scrolls of teleportation {unknown}
 v - a scroll of amnesia {unknown}
Potions
 q - 2 potions of flight
Comestibles
 g - 3 rations


   Skills:
 + Level 6.1 Fighting
 - Level 2.0 Short Blades
 + Level 1.1 Axes
 - Level 1.7 Throwing
 + Level 1.0 Armour
 - Level 3.7 Dodging
 - Level 3.2 Stealth


You had 5 spell levels left.
You didn't know any spells.
Your spell library was empty.

Dungeon Overview and Level Annotations

Branches:
Dungeon (3/15)

Altars:
Fedhas
Kikubaaqudgha
Trog
Vehumet


Innate Abilities, Weirdness & Mutations

You have sharp fingernails.
Your flesh is heat resistant. (rF+)
Your magical capacity is low. (-10% MP)


Message History

You feel sick.
* * * LOW HITPOINT WARNING * * *
You feel sick.
Unknown command.
Your extra speed is starting to run out.
Unknown command.
* * * LOW HITPOINT WARNING * * *
You feel sick.
* * * LOW HITPOINT WARNING * * *
You feel sick.
The orc wizard gestures at you while chanting.
The magic dart hits you.
* * * LOW HITPOINT WARNING * * *
* * * LOW HITPOINT WARNING * * *
You feel sick.
You feel yourself slow down.
* * * LOW HITPOINT WARNING * * *
You feel sick.
Unknown command.
You die...

####.####..#......
#..........###......#
####.#####K# #......#
#.# #.# #......# #.#
#o# #.(....# #.# #.#
#......# #.# #.#
#......# #.#
#.###......###. #.#
#..@........... #.#
#.####.#######.
#.#####.# #[#######.#
#.....#.####.#........
## #####.#........#
#.# .. #.#.####.#.#
#.# # #.#.####.#.# #.#
# #........#.# #.# #
###.######.#####.# #


There were no monsters in sight!

Vanquished Creatures
  Sigmund (D:2)
  An orc priest (D:3)
  An orc wizard (D:3)
  Terence (D:2)
  3 gnolls (D:2)
  2 adders
  2 worms
  4 dart slugs (D:1)
  3 leopard geckos
  10 orcs (D:3)
  5 giant cockroaches
  3 goblins
  8 hobgoblins
  11 jackals
  6 bats
  3 frilled lizards
  10 kobolds
  3 rats
77 creatures vanquished.

Notes
Turn   | Place    | Note
-------+----------+-------------------------------------------
     0 | D:1      | Aviak the Hill Orc Assassin began the quest for the Orb.
     0 | D:1      | Reached XP level 1. HP: 18/18 MP: 1/1
    65 | D:1      | Reached skill level 1 in Dodging
    81 | D:1      | Reached XP level 2. HP: 10/25 MP: 2/2
    90 | D:1      | Reached skill level 3 in Fighting
   380 | D:1      | Reached XP level 3. HP: 31/31 MP: 3/3
   835 | D:2      | Noticed Sigmund
  1024 | D:2      | Noticed Terence
  1051 | D:2      | Killed Terence
  1051 | D:2      | Reached skill level 4 in Fighting
  1051 | D:2      | Reached XP level 4. HP: 20/40 MP: 4/4
  1545 | D:2      | Killed Sigmund
  1545 | D:2      | Reached skill level 5 in Fighting
  1545 | D:2      | Reached XP level 5. HP: 13/48 MP: 5/5
  1545 | D:2      | Reached XP level 6. HP: 15/56 MP: 6/6
  2021 | D:2      | Found an ancient bone altar of Kikubaaqudgha.
  2297 | D:2      | Found a radiant altar of Vehumet.
  2339 | D:3      | Found a bloodstained altar of Trog.
  2724 | D:3      | Reached skill level 6 in Fighting
  3028 | D:3      | Found a blossoming altar of Fedhas.
  3064 | D:3      | Reached skill level 1 in Axes
  3064 | D:3      | Reached skill level 1 in Armour
  3093 | D:3      | Gained mutation: Your flesh is heat resistant. (rF+)
                  | [potion of mutation]
  3093 | D:3      | Gained mutation: Your magical capacity is low. (-10% MP)
                  | [potion of mutation]
  3093 | D:3      | Gained mutation: You have sharp fingernails. [potion of
                  | mutation]
  3097 | D:3      | HP: 2/57 [orc wizard/magic dart (1)]
  3101 | D:3      | Succumbed to a kobold's poison

Levels and vault maps discovered:
D:1:      dpeg_arrival_simpleton_a, layout_basic
D:2:      layout_rooms, gammafunk_temple_overflow_statue,
          minmay_misc_feat_diagonals, uniq_terence, uniq_sigmund
D:3:      layout_basic, nicolae_overflow_crystal_walls, fedhas_altar_3,
          first_ration

Skill      XL: |  1  2  3  4  5  6 |
---------------+-------------------+-----
Dodging        | 1 2 3 |  3.7
Fighting       | 3 4 5 6 |  6.1
Axes           | 1 |  1.1
Armour         | 1 |  1.0
Short Blades   | |  2.0
Throwing       | |  1.7
Stealth        | |  3.2

Action                   |  1- 3 |  4- 6 || total
-------------------------+-------+-------++-------
Melee: Dagger            |   156 |   147 ||   303
       Hand axe          |       |   103 ||   103
       Flail             |       |     2 ||     2
  Use: Scroll            |       |     6 ||     6
       Potion            |       |     6 ||     6
 Stab: Sleeping          |     3 |     1 ||     4
       Distracted        |     1 |       ||     1
  Eat: Chunk             |       |     7 ||     7
Armor: Robe              |    33 |     8 ||    41
       Chain mail        |       |    51 ||    51
Dodge: Dodged            |   126 |   182 ||   308
